 Dungeon Crawl Stone Soup version 0.29-a0-453-gf113fcf677 (webtiles) character file.

Game seed: 16447427655947044198

14096 Ijustatesigmund the Thaumaturge (level 12, -4/59 (91) HPs)
             Began as a Gnoll Fire Elementalist on May 20, 2022.
             Killed from afar by a necromancer (18 damage)
             ... with a bolt of negative energy
             ... summoned by an orange crystal statue
             ... in a Gauntlet.
             The game lasted 00:55:17 (15842 turns).

Ijustatesigmund the Thaumaturge (GnFE)             Turns: 15842, Time: 00:55:19

HP:   -4/59 (91)    AC: 17    Str:  7      XL:     12   Next: 12%
MP:   4/33          EV: 15    Int: 16 (20) God:
Gold: 266           SH:  8    Dex: 16      Spells: 10/28 levels left

rFire   . . .      SeeInvis .   m - +9 flail
rCold   . . .      Faith    .   i - +2 buckler {AC+3}
rNeg    . . .      Spirit   .   a - +0 troll leather armour
rPois   .          Reflect  .   k - +1 helmet
rElec   .          Harm     .   y - +0 cloak {Stlth+}
rCorr   .          Rampage  .   r - +0 pair of gloves
Will    .....      NoTele   +   z - +3 pair of boots of Ciroiq {Contam +Blink Regen+ Dex+3}
Stlth   +++++.....              (no amulet)
HPRegen 1.79/turn               F - ring of magical power
MPRegen 0.23/turn               o - ring of wizardry

@: very heavily drained
A: fangs 1, strong nose, distributed training
a: Evoke Blink


You were in a Gauntlet.
You visited 1 branch of the dungeon, and saw 11 of its levels.
You also visited: Bailey and Gauntlet.

You collected 639 gold pieces.
You spent 373 gold pieces at shops.

Inventory:

Hand Weapons
 d - a +0 hand axe of flaming
 f - the +6 mace of the Viny God {pain, Dex+3}
   (You found it on level 2 of the Dungeon)

   In the hands of one skilled in necromantic magic, it inflicts extra damage on
   living creatures.
   Dex:       It affects your dexterity (+3).
 m - a +9 flail (weapon)
Missiles
 A - 2 throwing nets
Armour
 a - a +0 troll leather armour (worn)
 c - the +1 cloak of Ashenzari's Envy {MP+9 Str+2 Stlth+}
   (You found it in a Gauntlet)

   Str:       It affects your strength (+2).
   MP:        It affects your magic capacity (+9).
   Stlth:     It makes you more stealthy.
 i - a +2 buckler of protection (worn)
 k - a +1 helmet (worn)
 r - a +0 pair of gloves (worn)
 y - a +0 cloak of stealth (worn)
 z - the +3 pair of boots of Ciroiq (worn) {Contam +Blink Regen+ Dex+3}
   (You acquired it in a bailey)

   Dex:       It affects your dexterity (+3).
   +Blink:    It lets you blink.
   Contam:    It causes magical contamination when unequipped.
   Regen:     It increases your rate of health regeneration.
Jewellery
 e - a ring of positive energy
 o - a ring of wizardry (right hand)
 q - a ring of fire
 t - a ring of positive energy
 D - a +6 ring of intelligence
 F - a ring of magical power (left hand)
 G - a ring of willpower
Wands
 u - a wand of iceblast (5)
 v - a wand of mindburst (4)
 w - a wand of flame (17)
Scrolls
 j - 6 scrolls of teleportation
 p - 7 scrolls of identify
 s - 2 scrolls of poison
 B - a scroll of amnesia
 C - a scroll of torment
 E - 2 scrolls of noise
Potions
 b - 2 potions of magic
 g - a potion of lignification
 h - a potion of curing
 l - 3 potions of brilliance
 n - 4 potions of mutation


   Skills:
 + Level 7.0 Fighting
 + Level 7.0 Short Blades
 + Level 7.0 Long Blades
 + Level 7.0 Axes
 + Level 7.0 Maces & Flails
 + Level 7.0 Polearms
 + Level 7.0 Staves
 + Level 7.0 Slings
 + Level 7.0 Bows
 + Level 7.0 Crossbows
 + Level 7.0 Throwing
 + Level 7.0 Armour
 + Level 8.4 Dodging
 + Level 8.2 Stealth
 + Level 7.0 Shields
 + Level 7.0 Unarmed Combat
 + Level 8.7 Spellcasting
 + Level 6.2 Conjurations
 + Level 5.8 Hexes
 + Level 5.8 Summonings
 + Level 5.8 Necromancy
 + Level 5.8 Translocations
 + Level 5.8 Transmutations
 + Level 8.1 Fire Magic
 + Level 5.8 Ice Magic
 + Level 5.8 Air Magic
 + Level 5.8 Earth Magic
 + Level 5.8 Poison Magic
 + Level 7.6 Invocations
 + Level 7.0 Evocations


You had 10 spell levels left.
You knew the following spells:

 Your Spells              Type           Power      Damage    Failure   Level
a - Foxfire               Conj/Fire      100%       2x1d9     1%          1
b - Scorch                Fire           64%        2d8       1%          2
c - Flame Wave            Conj/Fire      29%        2d8       4%          4
d - Anguish               Hex/Necr       12%        N/A       7%          4
e - Apportation           Tloc           50%        N/A       1%          1
f - Inner Flame           Hex/Fire       29%        N/A       1%          3
g - Spider Form           Tmut/Pois      25%        N/A       1%          3

Your spell library contained the following spells:

 Spells                   Type           Power      Damage    Failure   Level
 Necrotize                Necr           100%       1d9       1%          1
 Slow                     Hex            100%       N/A       1%          1
 Summon Small Mammal      Summ           100%       N/A       1%          1
 Ensorcelled Hibernation  Hex/Ice        50%        N/A       1%          2
 Confusing Touch          Hex            25%        N/A       1%          3
 Conjure Flame            Conj/Fire      29%        6-21      1%          3
 Gell's Gravitas          Tloc           25%        N/A       1%          3
 Lesser Beckoning         Tloc           25%        N/A       1%          3
 Teleport Other           Tloc           25%        N/A       1%          3
 Vampiric Draining        Necr           25%        2d7       1%          3
 Yara's Violent Unravell  Hex/Tmut       12%        3d7       19%         5
 Enfeeble                 Hex            12%        N/A       99%         7


Dungeon Overview and Level Annotations

Branches:
Dungeon (11/15)            Temple (0/1) D:5            Lair (0/6) D:9
    Orc (0/2) D:9          Bailey (visited)         Gauntlet (1/1)

Altars:
Kikubaaqudgha
Sif Muna

Shops:
D:6 ?   D:9 =   D:11 [

Annotations:
Gauntlet 9 transporters, exclusion: orange crystal statue


Innate Abilities, Weirdness & Mutations

You have very sharp teeth.
Your uncanny sense of smell can sniff out nearby items.
Your experience applies equally to all skills.


Message History

You sock the necromancer! Your bite misses the necromancer.
The necromancer is almost dead.
You block the necromancer's attack.
The spectral centaur warrior barely misses you.
The spectral centaur warrior kicks you but does no damage.
The four-headed hydra zombie bites you but does no damage.
The four-headed hydra zombie bites you.
* * * LOW HITPOINT WARNING * * *
You block the four-headed hydra zombie's attack.
The four-headed hydra zombie bites you.
* * * LOW HITPOINT WARNING * * *
The orange crystal statue glitters.
You are confused.
The necromancer hits you but does no damage.
You feel better.
The spectral centaur warrior closely misses you.
The spectral centaur warrior kicks you but does no damage.
The four-headed hydra zombie misses you.
The four-headed hydra zombie bites you.
* * * LOW HITPOINT WARNING * * *
The four-headed hydra zombie bites you but does no damage.
You block the four-headed hydra zombie's attack.
You block the spectral centaur warrior's attack.
The spectral centaur warrior kicks you.
* * * LOW HITPOINT WARNING * * *
The necromancer hits you but does no damage.
You barely miss the necromancer.
The necromancer is almost dead.
The spectral centaur warrior hits you.
* * * LOW HITPOINT WARNING * * *
You feel drained.
The spectral centaur warrior completely misses you.
The four-headed hydra zombie barely misses you.
The four-headed hydra zombie misses you.
The four-headed hydra zombie closely misses you.
The four-headed hydra zombie bites you.
* * * LOW HITPOINT WARNING * * *
The necromancer gestures at you while chanting.
The bolt of negative energy hits you!!
You feel drained.
You die...

.....8..........§§
##...............8....§
§...###########.......
##...#.........#...####
#≈...#.##^..##.#...#..8
##...#!#.#.#.#.#####[..
#≈...#ZZ##.##..#...#..8
##.8.#Z8#.©.#..#©8©#Z8.
#≈...#@p##§##..#...#=.8
##...#Z#Z#.#.#.#####[..
#≈...#Z##^..##.#...#..8
##...#Z^.....^.#...####
#§...###########.......
##§..............8.....
##.8.....8............
#≈.§............. ####
##...#########... ^.


You could see an orange crystal statue, a spectral centaur warrior, a
necromancer (summoned), a four-headed hydra zombie (summoned), a goliath frog
zombie (summoned), a water moccasin skeleton (summoned), a manticore skeleton
(summoned), a deep elf knight skeleton (summoned) and a cyclops skeleton
(summoned).

Vanquished Creatures
  Harold (D:10)
  A hydra (D:9)
  An orc high priest (Bailey)
  A death drake (Gauntlet)
  A spectral wolf spider (Gauntlet)
  An orc sorcerer (Bailey)
  Joseph (D:7)
  4 trolls
  5 yaks
  3 wyverns
  Grum (D:8)
  2 vampire mosquitoes (D:11)
  Menkaure (D:4)
  2 wargs (D:8)
  Duvessa (D:7)
  10 orc warriors
  3 black bears (D:8)
  3 ice beasts
  A sky beast (D:8)
  6 centaurs
  4 phantoms
  4 bullfrogs
  A gnoll sergeant (D:8)
  A necrophage (D:4)
  A scorpion (D:6)
  10 wights
  Dowan (D:7)
  5 killer bees (D:10)
  2 howler monkeys
  4 electric eels (Bailey)
  A jelly (D:5)
  6 hounds
  11 orc priests
  3 iguanas
  12 orc wizards
  15 gnolls
  7 adders
  2 shadow imps
  A white imp (D:6)
  An ufetubus (D:5)
  2 worms
  3 dart slugs
  43 orcs
  5 bats
  4 endoplasms
  3 giant cockroaches
  11 hobgoblins
  5 jackals
  10 kobolds
  2 quokkas
  6 ball pythons
  2 frilled lizards
  11 goblins
  9 rats
257 creatures vanquished.

Vanquished Creatures (others)
  A two-headed ogre (D:8)
  An ugly thing (D:10)
  Maurice (D:9)
  A troll (D:9)
  3 yaks
  A warg (D:9)
  3 orc warriors
  A centaur (D:9)
  2 wolves (D:8)
  A wight (D:9)
  A gnoll shaman (D:8)
  An iguana (D:6)
  A gnoll (D:9)
  A white imp (D:7)
  14 demonic plants (Gauntlet)
  168 foxfires
  A plant (D:9)
202 creatures vanquished.

Grand Total: 459 creatures vanquished

Notes
Turn   | Place    | Note
-------+----------+-------------------------------------------
     0 | D:1      | Ijustatesigmund the Gnoll Fire Elementalist began the quest
                  | for the Orb.
     0 | D:1      | Reached XP level 1. HP: 13/13 MP: 6/6
   128 | D:1      | Reached XP level 2. HP: 19/19 MP: 3/7
   195 | D:1      | Learned a level 2 spell: Scorch
   548 | D:1      | Reached XP level 3. HP: 8/25 MP: 5/9
   552 | D:1      | Reached skill level 5 in Spellcasting
  1326 | D:1      | Reached skill level 1 in Invocations
  1489 | D:2      | Identified the +6 mace of the Viny God {pain, Dex+3}
  1688 | D:2      | Reached skill level 1 in Fighting
  1688 | D:2      | Reached skill level 1 in Short Blades
  1688 | D:2      | Reached skill level 1 in Long Blades
  1688 | D:2      | Reached skill level 1 in Axes
  1688 | D:2      | Reached skill level 1 in Maces & Flails
  1688 | D:2      | Reached skill level 1 in Polearms
  1688 | D:2      | Reached skill level 1 in Staves
  1688 | D:2      | Reached skill level 1 in Slings
  1688 | D:2      | Reached skill level 1 in Bows
  1688 | D:2      | Reached skill level 1 in Crossbows
  1688 | D:2      | Reached skill level 1 in Throwing
  1688 | D:2      | Reached skill level 1 in Armour
  1688 | D:2      | Reached skill level 1 in Shields
  1688 | D:2      | Reached skill level 1 in Unarmed Combat
  1688 | D:2      | Reached skill level 1 in Evocations
  2114 | D:3      | Reached XP level 4. HP: 30/32 MP: 7/11
  2126 | D:3      | Reached skill level 1 in Hexes
  2126 | D:3      | Reached skill level 1 in Summonings
  2126 | D:3      | Reached skill level 1 in Necromancy
  2126 | D:3      | Reached skill level 1 in Translocations
  2126 | D:3      | Reached skill level 1 in Transmutations
  2126 | D:3      | Reached skill level 1 in Ice Magic
  2126 | D:3      | Reached skill level 1 in Air Magic
  2126 | D:3      | Reached skill level 1 in Earth Magic
  2126 | D:3      | Reached skill level 1 in Poison Magic
  2227 | D:3      | Learned a level 4 spell: Flame Wave
  2472 | D:3      | Reached XP level 5. HP: 32/37 MP: 12/12
  2969 | D:3      | Found a faded altar of an unknown god.
  3706 | D:4      | Reached XP level 6. HP: 44/44 MP: 13/13
  3859 | D:4      | Reached skill level 5 in Dodging
  4014 | D:4      | Noticed Menkaure
  4023 | D:4      | Killed Menkaure
  4024 | D:4      | Reached XP level 7. HP: 12/50 MP: 12/15
  4857 | D:5      | Entered Level 5 of the Dungeon
  5114 | D:5      | Reached skill level 5 in Stealth
  5290 | D:5      | Learned a level 4 spell: Anguish
  5504 | D:5      | Reached XP level 8. HP: 52/57 MP: 3/16
  5814 | D:5      | Found a staircase to the Ecumenical Temple.
  6055 | D:5      | Learned a level 1 spell: Apportation
  6977 | D:6      | Found a shimmering blue altar of Sif Muna.
  7153 | D:6      | Reached XP level 9. HP: 65/65 MP: 18/18
  7331 | D:6      | Found Queggiv's Magic Scroll Shoppe.
  7335 | D:6      | Bought a scroll of teleportation for 42 gold pieces
  7335 | D:6      | Bought a scroll of teleportation for 42 gold pieces
  7335 | D:6      | Bought a scroll of poison for 49 gold pieces
  7668 | D:7      | Noticed Joseph
  7668 | D:7      | Noticed Duvessa
  7685 | D:7      | Killed Joseph
  7919 | D:7      | Noticed Dowan
  7925 | D:7      | Killed Duvessa
  7930 | D:7      | Killed Dowan
  8853 | D:8      | Found an ancient bone altar of Kikubaaqudgha.
  8854 | D:8      | Noticed Grum
  8867 | D:8      | Killed Grum
  8868 | D:8      | Reached skill level 5 in Invocations
  9184 | D:8      | Noticed a two-headed ogre
  9190 | D:8      | Killed a two-headed ogre
  9191 | D:8      | Reached XP level 10. HP: 20/73 MP: 9/20
  9196 | D:8      | Reached skill level 5 in Fighting
  9196 | D:8      | Reached skill level 5 in Short Blades
  9196 | D:8      | Reached skill level 5 in Long Blades
  9196 | D:8      | Reached skill level 5 in Axes
  9196 | D:8      | Reached skill level 5 in Maces & Flails
  9196 | D:8      | Reached skill level 5 in Polearms
  9196 | D:8      | Reached skill level 5 in Staves
  9196 | D:8      | Reached skill level 5 in Slings
  9196 | D:8      | Reached skill level 5 in Bows
  9196 | D:8      | Reached skill level 5 in Crossbows
  9196 | D:8      | Reached skill level 5 in Throwing
  9196 | D:8      | Reached skill level 5 in Armour
  9196 | D:8      | Reached skill level 5 in Shields
  9196 | D:8      | Reached skill level 5 in Unarmed Combat
  9196 | D:8      | Reached skill level 5 in Evocations
 10490 | D:8      | Reached skill level 5 in Conjurations
 11568 | D:9      | Found a staircase to the Lair.
 11755 | D:9      | Noticed a brown ugly thing
 11758 | D:9      | Reached XP level 11. HP: 65/81 MP: 6/22
 11769 | D:10     | Entered Level 10 of the Dungeon
 11799 | D:10     | Learned a level 3 spell: Inner Flame
 11870 | D:10     | Found a flagged portal.
 11871 | D:10     | Noticed Harold
 11885 | D:10     | Killed Harold
 11886 | D:10     | Reached skill level 5 in Hexes
 11886 | D:10     | Reached skill level 5 in Summonings
 11886 | D:10     | Reached skill level 5 in Necromancy
 11886 | D:10     | Reached skill level 5 in Translocations
 11886 | D:10     | Reached skill level 5 in Transmutations
 11886 | D:10     | Reached skill level 5 in Ice Magic
 11886 | D:10     | Reached skill level 5 in Air Magic
 11886 | D:10     | Reached skill level 5 in Earth Magic
 11886 | D:10     | Reached skill level 5 in Poison Magic
 11917 | Bailey   | Entered a bailey
 11978 | Bailey   | Learned a level 3 spell: Spider Form
 12345 | Bailey   | Noticed an orc sorcerer
 12534 | Bailey   | Noticed an orc high priest
 12542 | Bailey   | Killed an orc sorcerer
 12581 | Bailey   | Killed an orc high priest
 12836 | Bailey   | Found an iron altar of Okawaru.
 13087 | Bailey   | Acquired the +3 pair of boots of Ciroiq {Contam +Blink
                  | Regen+ Dex+3}
 13749 | D:10     | Killed a brown ugly thing
 14199 | D:9      | Found a staircase to the Orcish Mines.
 14221 | D:9      | Found Ejeucice's Jewellery Boutique.
 14230 | D:9      | Bought a ring of magical power for 240 gold pieces
 14462 | D:9      | Noticed Maurice
 14470 | D:9      | Killed Maurice
 14562 | D:9      | Noticed a six-headed hydra
 14572 | D:9      | Killed a six-headed hydra
 15406 | D:11     | Reached XP level 12. HP: 83/89 MP: 24/24
 15443 | D:11     | Found Waodadyz's Antique Armour Emporium.
 15518 | D:11     | Found a gate leading to a gauntlet.
 15522 | Gauntlet | Entered a Gauntlet
 15522 | Gauntlet | Found a transporter.
 15527 | Gauntlet | Noticed a wretched star
 15532 | Gauntlet | Found a transporter.
 15534 | Gauntlet | Found a transporter.
 15549 | Gauntlet | Noticed a blizzard demon
 15574 | Gauntlet | Found a transporter.
 15588 | Gauntlet | Found a transporter.
 15592 | Gauntlet | Found a transporter.
 15603 | Gauntlet | Found a transporter.
 15654 | Gauntlet | Found a transporter.
 15655 | Gauntlet | Found a transporter.
 15655 | Gauntlet | Found a transporter.
 15663 | Gauntlet | Found a transporter.
 15663 | Gauntlet | Noticed a blizzard demon
 15665 | Gauntlet | Found a transporter.
 15790 | Gauntlet | Identified the +1 cloak of Ashenzari's Envy {MP+9 Str+2
                  | Stlth+}
 15842 | Gauntlet | Killed from afar by a necromancer

Illustrated notes

Levels and vault maps discovered:
D:1:      dpeg_arrival_ratfight, layout_loops_cross
D:2:      layout_rooms, serial_forest, infiniplex_forest_clump_small,
          infiniplex_forest_clump_cross, infiniplex_forest_straight_3,
          infiniplex_forest_clump_curved, hangedman_decor_peaks_small,
          eino_tiny_chamber, roderic_roman_lattice
D:3:      layout_loops_corners, nicolae_overflow_hidden_temple,
          shapermc_ecumenical_altar_mp_highgroup
D:4:      nicolae_cairo_tiling_large_dashed, layout_basic, minivault_11,
          nicolae_underground_beach, uniq_menkaure
D:5:      layout_loops_ring, minmay_temple_entry_fiery
D:6:      kb_forest_paths, layout_loops_ring, lemuel_tele_altar, serial_shops,
          shop
D:7:      layout_basic, uniq_joseph, uniq_duvessa
D:8:      layout_loops_ring, old_standard_altar, uniq_grum
D:9:      layout_rooms, erik_lair_orcish_takeover, orc_0_dummy, serial_shops,
          nicolae_stop_n_shop_2, centaur_isle, uniq_maurice
D:10:     layout_roguey, enter_bailey_2, uniq_harold
D:11:     layout_roguey, serial_shops, shop, gauntlet_entry_generic
Gauntlet: minmay_gauntlet_mixed_oops_all_seconds
          [minmay_gauntlet_arena_77_terracotta_army,
          gammafunk_gauntlet_arena_arrow_garden,
          minmay_gauntlet_arena_77_hold_the_fort,
          gammafunk_gauntlet_arena_corners,
          minmay_gauntlet_arena_77_tiled_triplets, nicolae_gauntlet_swirl,
          nicolae_gauntlet_exit_dead_adventurers]

Skill      XL: |  1  2  3  4  5  6  7  8  9 10 11 12 |
---------------+-------------------------------------+-----
Conjurations   | 2 3 4 5 6 |  6.2
Spellcasting   | 5 6 7 8 |  8.7
Invocations    | 1 2 3 4 5 6 7 |  7.6
Fighting       | 1 2 3 4 5 6 7 |  7.0
Short Blades   | 1 2 3 4 5 6 7 |  7.0
Long Blades    | 1 2 3 4 5 6 7 |  7.0
Axes           | 1 2 3 4 5 6 7 |  7.0
Maces & Flails | 1 2 3 4 5 6 7 |  7.0
Polearms       | 1 2 3 4 5 6 7 |  7.0
Staves         | 1 2 3 4 5 6 7 |  7.0
Slings         | 1 2 3 4 5 6 7 |  7.0
Bows           | 1 2 3 4 5 6 7 |  7.0
Crossbows      | 1 2 3 4 5 6 7 |  7.0
Throwing       | 1 2 3 4 5 6 7 |  7.0
Armour         | 1 2 3 4 5 6 7 |  7.0
Shields        | 1 2 3 4 5 6 7 |  7.0
Unarmed Combat | 1 2 3 4 5 6 7 |  7.0
Evocations     | 1 2 3 4 5 6 7 |  7.0
Hexes          | 1 2 3 4 5 |  5.8
Summonings     | 1 2 3 4 5 |  5.8
Necromancy     | 1 2 3 4 5 |  5.8
Translocations | 1 2 3 4 5 |  5.8
Transmutations | 1 2 3 4 5 |  5.8
Ice Magic      | 1 2 3 4 5 |  5.8
Air Magic      | 1 2 3 4 5 |  5.8
Earth Magic    | 1 2 3 4 5 |  5.8
Poison Magic   | 1 2 3 4 5 |  5.8
Dodging        | 5 6 7 8 |  8.4
Stealth        | 5 6 7 8 |  8.2
Fire Magic     | 6 7 8 |  8.1

Action                   |  1- 3 |  4- 6 |  7- 9 | 10-12 || total
-------------------------+-------+-------+-------+-------++-------
Melee: Hand axe          |    22 |       |       |       ||    22
       Bite              |     5 |     9 |    23 |    39 ||    76
       Mace              |    16 |    84 |   164 |   171 ||   435
       Punch             |       |       |     2 |     3 ||     5
       Unarmed           |       |       |       |     9 ||     9
       Flail             |       |       |       |    59 ||    59
 Cast: Foxfire           |    25 |       |    24 |    50 ||    99
       Scorch            |    12 |     4 |    12 |    22 ||    50
       Flame Wave        |       |       |    11 |    29 ||    40
       Apportation       |       |       |     4 |       ||     4
       Anguish           |       |       |    11 |    31 ||    42
       Spider Form       |       |       |       |     2 ||     2
       Inner Flame       |       |       |       |     1 ||     1
 Abil: Evoke Blink       |       |       |       |     5 ||     5
       End Transformatio |       |       |       |     1 ||     1
Evoke: Wand              |       |       |       |    24 ||    24
  Use: Scroll            |    10 |       |     7 |    11 ||    28
       Potion            |       |       |       |    13 ||    13
 Stab: Sleeping          |     4 |     8 |     9 |     5 ||    26
       Distracted        |       |       |     1 |       ||     1
Armor: Robe              |     5 |    14 |    38 |    15 ||    72
       Troll leather arm |       |       |       |   206 ||   206
Dodge: Dodged            |    33 |    52 |   151 |   422 ||   658
Block: Buckler           |       |       |       |   154 ||   154

Table legend: (Time is in decaauts)
 A = Elapsed time spent in this place.
 B = Non-inter-level travel time spent in this place.
 C = Inter-level travel time spent in this place.
 D = Time resting spent in this place.
 E = Time spent auto-exploring this place.
 F = Levels seen in this place.
 G = Mean time per level.
                   A        B        C        D        E       F      G
               +--------+--------+--------+--------+--------+-----+--------+
         Total |  15937 |  15617 |    320 |   5329 |   7339 |  13 | 1225.9 |
       Dungeon |  14439 |  14119 |    320 |   4705 |   7248 |  11 | 1312.6 |
        Bailey |   1172 |   1172 |      0 |    623 |     91 |   1 | 1172.0 |
      Gauntlet |    326 |    326 |      0 |      0 |      0 |   1 |  326.0 |
               +--------+--------+--------+--------+--------+-----+--------+

Top non-repeatable levels by time:
     D:8: 2702 daAuts
     D:9: 1719 daAuts
     D:3: 1572 daAuts
     D:5: 1528 daAuts
     D:1: 1438 daAuts
     D:4: 1263 daAuts
     D:6: 1246 daAuts
     D:7: 1180 daAuts
  Bailey: 1172 daAuts
    D:10: 914 daAuts
     D:2: 623 daAuts
Gauntlet: 326 daAuts
    D:11: 249 daAuts
